 Dungeon Sprint DCSS version 0.21.1-1-g345015f (webtiles) character file.

308 Fang the Fighter (level 6, -7/45 HPs)
             Began as a Gargoyle Berserker on May 24, 2018.
             Was an Elder of Trog.
             Mangled by a troll (11 damage)
             ... in the Dungeon (Sprint IX: "|||||||||||||||||||||||||||||").
             The game lasted 00:00:42 (303 turns).

Fang the Fighter (Gargoyle Berserker)                Turns: 303, Time: 00:00:42

Health: -7/45      AC:  8    Str: 22    XL:     6   Next: 40%
Magic:  6/6        EV: 13    Int: 11    God:    Trog [****..]
Gold:   0          SH:  0    Dex:  9    Spells: 5/5 levels left

rFire    . . .     SeeInvis .   n - +1 broad axe (chop)
rCold    . . .     Gourm    .   (no shield)
rNeg     + . .     Faith    .   b - +0 animal skin
rPois    ∞         Spirit   .   (no helmet)
rElec    +         Reflect  .   (no cloak)
rCorr    .         Harm     .   (no gloves)
MR       .....     NoTele   +   (no boots)
Stlth    +.........             (no amulet)
HPRegen  0.15/turn              o - +3 ring of intelligence
MPRegen  0.10/turn              p - +2 ring of protection

@: berserk cooldown, slowed, very slow
A: negative energy resistance 1, electricity resistance, unbreathing,
petrification resistance, rot immunity, AC +4
a: Berserk, Trog's Hand, Brothers in Arms, Burn Spellbooks, Renounce Religion


You were in the Dungeon.
You worshipped Trog.
Trog was greatly pleased with you.
You were not hungry.

You visited 1 branch

Inventory:

Hand Weapons
 a - a +0 hand axe
 n - a +1 broad axe of chopping (weapon)
Armour
 b - a +0 animal skin (worn)
Jewellery
 o - a +3 ring of intelligence (left hand)
 p - a +2 ring of protection (right hand)
Wands
 m - a wand of acid (10)
Scrolls
 i - 2 scrolls of blinking
 l - 3 scrolls of remove curse
Potions
 d - 5 potions of curing
 e - 3 potions of heal wounds
 f - a potion of haste
 g - 4 potions of magic
 h - a potion of berserk rage
 k - a potion of invisibility
Comestibles
 c - a ration
 j - 2 chunks of flesh


   Skills:
 + Level 8.7 Fighting
 + Level 8.5 Axes
 + Level 4.4 Armour
 + Level 4.3 Dodging
 + Level 1.4 Stealth


You had 5 spell levels left.
You didn't know any spells.

Dungeon Overview and Level Annotations

Branches:
Dungeon (1/1)

Altars:
Cheibriados
Dithmenos
Elyvilon
Fedhas
Gozag
Hepliaklqana
Kikubaaqudgha
Makhleb
Nemelex Xobeh
Okawaru
Qazlal
Ru
Sif Muna
Trog
Uskayaw
Vehumet
Wu Jian
Xom
Yredelemnul
Zin
The Shining One
Beogh
Jiyva
Lugonu


Innate Abilities, Weirdness & Mutations

You are resistant to torment.
Your stone body is resilient. (AC +4)
You are immune to poison.
You resist negative energy. (rN+)
You are resistant to electric shocks. (rElec)
You can survive without breathing.
You are immune to petrification.
You are immune to rotting.


Message History

Unknown command.
You closely miss the adder zombie.
The adder zombie is severely damaged.
The adder zombie bites you but does no damage. x2
Unknown command.
You closely miss the adder zombie.
The adder zombie is severely damaged.
The adder zombie barely misses you. The adder zombie closely misses you.
Unknown command.
You slice the adder zombie!!
You destroy the adder zombie!
Trog accepts your kill. The troll bites you but does no damage.
The troll claws you. x2
Unknown command.
You slash the troll!
The troll is heavily wounded.
The troll bites you!
* * * LOW HITPOINT WARNING * * *
The troll claws you!
You die...

▓.▓
▓.▓
▓.▓
▓.▓
▓.▓
▓.▓
▓T▓
▓@▓
▓.▓
▓[▓
▓[▓
▓[▓
▓)▓
▓|▓
▓?▓
▓.▓


You could see a troll.

Vanquished Creatures
  A wraith (D)
  A scorpion (D)
  A hound (D)
  2 worker ants (D)
  An adder (D)
  A shadow imp (D)
  An adder zombie (D)
  A leopard gecko (D)
  A giant cockroach (D)
  A goblin (D)
  A hobgoblin (D)
  A quokka skeleton (D)
  2 rats (D)
15 creatures vanquished.

Notes
Turn   | Place    | Note
-------+----------+-------------------------------------------
     0 | D        | Fang the Gargoyle Berserker began the quest for the Orb.
     0 | D        | Reached XP level 1. HP: 14/14 MP: 1/1
    11 | D        | Reached ** piety under Trog
   129 | D        | Noticed a worker ant
   129 | D        | Noticed a scorpion
   137 | D        | Killed a scorpion
   137 | D        | Reached skill level 5 in Fighting
   137 | D        | Reached skill level 5 in Axes
   137 | D        | Reached XP level 2. HP: 22/22 MP: 2/2
   137 | D        | Reached XP level 3. HP: 27/27 MP: 3/3
   138 | D        | Reached *** piety under Trog
   143 | D        | Reached XP level 4. HP: 31/32 MP: 4/4
   231 | D        | Found a roughly hewn altar of Beogh.
   231 | D        | Found a snail-covered altar of Cheibriados.
   231 | D        | Found a shadowy altar of Dithmenos.
   231 | D        | Found a white marble altar of Elyvilon.
   231 | D        | Found a blossoming altar of Fedhas.
   231 | D        | Found an opulent altar of Gozag.
   232 | D        | Found a hazy altar of Hepliaklqana.
   233 | D        | Found a viscous altar of Jiyva.
   234 | D        | Found an ancient bone altar of Kikubaaqudgha.
   235 | D        | Found a corrupted altar of Lugonu.
   236 | D        | Found a burning altar of Makhleb.
   237 | D        | Found a sparkling altar of Nemelex Xobeh.
   238 | D        | Found an iron altar of Okawaru.
   239 | D        | Found a stormy altar of Qazlal.
   240 | D        | Found a sacrificial altar of Ru.
   241 | D        | Found a deep blue altar of Sif Muna.
   242 | D        | Found a bloodstained altar of Trog.
   243 | D        | Found a hide-covered altar of Uskayaw.
   244 | D        | Found a radiant altar of Vehumet.
   245 | D        | Found an ornate altar of the Wu Jian Council.
   246 | D        | Found a shimmering altar of Xom.
   247 | D        | Found a basalt altar of Yredelemnul.
   248 | D        | Found a glowing silver altar of Zin.
   249 | D        | Found a glowing golden altar of the Shining One.
   277 | D        | Noticed a troll
   277 | D        | Noticed a wraith
   282 | D        | Killed a wraith
   282 | D        | Reached **** piety under Trog
   282 | D        | Reached skill level 1 in Stealth
   282 | D        | Reached XP level 5. HP: 35/39 MP: 5/5
   282 | D        | Reached XP level 6. HP: 40/44 MP: 6/6
   303 | D        | Mangled by a troll

Skill      XL: |  1  2  3  4  5  6 |
---------------+-------------------+-----
Axes           | 5 7 8 |  8.5
Fighting       | 5 6 8 |  8.7
Armour         | 3 4 |  4.4
Dodging        | 2 4 |  4.3
Stealth        | 1 |  1.4

Action                   |  1- 3 |  4- 6 || total
-------------------------+-------+-------++-------
Melee: Hand axe          |    28 |     2 ||    30
       Broad axe         |       |    25 ||    25
Invok: Berserk           |     1 |     1 ||     2
Armor: Animal skin       |     5 |    15 ||    20
Dodge: Dodged            |    11 |    20 ||    31
